 Dungeon Crawl Stone Soup version 0.28-a0-528-g4b98be1b05 (webtiles) character file.

Game seed: 6576410743231571000

684 Majang the Twirler (level 7, -6/54 HPs)
             Began as a Human Wanderer on Sept 24, 2021.
             Was an Initiate of Qazlal.
             Mangled by Blork the orc (10 damage)
             ... on level 5 of the Dungeon.
             The game lasted 00:16:09 (5908 turns).

Majang the Twirler (Human Wanderer)                 Turns: 5908, Time: 00:16:09

Health: -6/54      AC: 10    Str: 13    XL:     7   Next: 93%
Magic:  9/9        EV:  9    Int: 17    God:    Qazlal [......]
Gold:   182        SH:  5    Dex: 15    Spells: 6/6 levels left

rFire   . . .      SeeInvis .   a - +0 quarterstaff
rCold   . . .      Faith    .   (shield currently unavailable)
rNeg    . . .      Spirit   .   j - +0 scale mail
rPois   .          Reflect  +   (no helmet)
rElec   .          Harm     .   n - +1 cloak
rCorr   .          Rampage  .   (no gloves)
Will    .....                   m - +0 pair of boots
Stlth   ..........              q - amulet of reflection
HPRegen 0.18/turn               k - +6 ring of intelligence
MPRegen 0.11/turn               (no ring)

@: no status effects
A: no striking features
a: Renounce Religion


You were on level 5 of the Dungeon.
You worshipped Qazlal.
Qazlal was noncommittal.
You visited 1 branch of the dungeon, and saw 5 of its levels.

You collected 182 gold pieces.

Inventory:

Hand Weapons
 a - a +0 quarterstaff (weapon)
 c - a +2 dagger
 d - a +0 mace
Armour
 i - a scarf of shadows
 j - a +0 scale mail (worn)
 m - a +0 pair of boots (worn)
 n - a +1 cloak (worn)
Jewellery
 k - a +6 ring of intelligence (left hand)
 q - an amulet of reflection (around neck)
Scrolls
 b - 2 scrolls of blinking
 e - a scroll of teleportation {unknown}
 p - a scroll of fear
Potions
 f - 2 potions of curing
 g - a potion of mutation {unknown}
 h - 2 potions of magic {unknown}
 o - a potion of brilliance {unknown}


   Skills:
 + Level 4.2 Fighting
 - Level 2.0(4.1) Maces & Flails
 * Level 5.7(5.9) Staves
 + Level 3.0 Armour
 + Level 1.9 Dodging
 - Level 1.0 Stealth
 * Level 3.2 Invocations
 - Level 1.0 Evocations


You had 6 spell levels left.
You didn't know any spells.
Your spell library contained the following spells:

 Spells                   Type           Power      Damage    Failure   Level
 Conjure Flame            Conj/Fire      0%         6-21      97%         3
 Borgnjor's Vile Clutch   Necr/Erth      0%         N/A       100%        5
 Shatter                  Erth           0%         3d5*      100%        9


Dungeon Overview and Level Annotations

Branches:
Dungeon (5/15)             Temple (0/1) D:4

Altars:
Qazlal
Sif Muna

Annotations:
D:5 Blork the orc


Message History

Blork the orc is severely wounded.
Blork the orc points at you and mumbles some strange words.
The puff of frost hits you!
* * * LOW HITPOINT WARNING * * *
You hit Blork the orc but do no damage.
Blork the orc is severely wounded.
Blork the orc drinks a potion.
Blork the orc is healed!
You feel better.
Blork the orc hits you with a +0 halberd!
* * * LOW HITPOINT WARNING * * *
You feel better.
Blork the orc looks braver for a moment.
You sock Blork the orc!
Blork the orc is severely wounded.
Blork the orc barely misses you.
You closely miss Blork the orc.
Blork the orc is severely wounded.
Blork the orc barely misses you.
You hit Blork the orc.
Blork the orc is severely wounded.
Blork the orc mumbles some strange words.
Blork the orc seems to speed up.
You barely miss Blork the orc.
Blork the orc is severely wounded.
Blork the orc barely misses you.
Blork the orc grins evilly.
Blork the orc looks encouraged for a moment.
You hit Blork the orc.
Blork the orc is severely wounded.
You block Blork the orc's attack.
You hit Blork the orc.
Blork the orc is almost dead.
Blork the orc barely misses you. Blork the orc casts a spell at you.
The puff of flame hits you!
* * * LOW HITPOINT WARNING * * *
You hit Blork the orc.
Blork the orc is almost dead.
Blork the orc hits you with a +0 halberd!
You die...

##########
#........###########
#.....<.....@o......
#........######.....
#........# ###
#........#
#........#
#......<.#
#........#
#........#


You could see Blork the orc (fast).

Vanquished Creatures
  3 ogres
  A hound (D:4)
  A bullfrog zombie (D:5)
  A bullfrog skeleton (D:4)
  A centaur skeleton (D:5)
  Jessica (D:2)
  An iguana (D:4)
  Natasha (thrice) (D:2)
  A hound skeleton (D:4)
  4 gnolls
  5 adders
  An ufetubus (D:4)
  2 dart slugs
  An orc (D:4)
  12 ball pythons
  6 endoplasms
  4 goblins
  5 hobgoblins
  2 quokkas (D:3)
  13 bats
  2 frilled lizards
  13 kobolds
  6 rats
89 creatures vanquished.

Notes
Turn   | Place    | Note
-------+----------+-------------------------------------------
     0 | D:1      | Majang the Human Wanderer began the quest for the Orb.
     0 | D:1      | Majang set off with the following items: a +2 dagger, a
                  | scroll of blinking, a +0 quarterstaff, a +0 mace, a +0 robe
     0 | D:1      | Reached XP level 1. HP: 16/16 MP: 1/1
     2 | D:1      | Noticed an electric eel
   268 | D:1      | Reached XP level 2. HP: 17/22 MP: 2/2
   687 | D:1      | Reached XP level 3. HP: 28/28 MP: 3/3
   821 | D:1      | Reached skill level 3 in Staves
  1152 | D:2      | Noticed Natasha
  1158 | D:2      | Killed Natasha
  1159 | D:2      | Reached XP level 4. HP: 14/34 MP: 4/4
  1391 | D:2      | Noticed Natasha
  1405 | D:2      | Killed Natasha
  1586 | D:2      | Noticed Jessica
  1601 | D:2      | Killed Jessica
  1602 | D:2      | Reached skill level 4 in Staves
  1602 | D:2      | Reached XP level 5. HP: 32/41 MP: 5/5
  1821 | D:2      | Noticed Natasha
  1833 | D:2      | Killed Natasha
  1868 | D:2      | Found a stormy altar of Qazlal.
  1950 | D:2      | Became a worshipper of Qazlal Stormbringer
  2629 | D:2      | Found a faded altar of an unknown god.
  3196 | D:3      | Reached XP level 6. HP: 39/47 MP: 6/6
  3968 | D:4      | Reached skill level 1 in Invocations
  3981 | D:4      | Reached skill level 5 in Staves
  4596 | D:4      | Reached skill level 1 in Dodging
  4663 | D:4      | Found a staircase to the Ecumenical Temple.
  4695 | D:4      | Found a shimmering blue altar of Sif Muna.
  4718 | D:4      | Noticed an ogre
  4731 | D:4      | Killed an ogre
  4732 | D:4      | Reached XP level 7. HP: 17/53 MP: 8/8
  5080 | D:5      | Entered Level 5 of the Dungeon
  5103 | D:5      | Got the Almanac of the Hurtful Mountains
  5882 | D:5      | Noticed Blork the orc
  5898 | D:5      | HP: 2/54 [Blork the orc/puff of frost (9)]
  5908 | D:5      | Mangled by Blork the orc

Illustrated notes

Levels and vault maps discovered:
D:1:      arrival_aquarium_a, layout_loops_cross
D:2:      layout_loops_cross, ebering_ecumenical_altar_mist, grunt_decor_cap,
          grunt_decor_clamped, minmay_hexomino_r4, uniq_jessica, uniq_natasha
D:3:      layout_rooms
D:4:      layout_cave_pods, led_sif_book, temple_hall
D:5:      layout_basic, minmay_misc_feat_encased, uniq_blork_the_orc

Skill      XL: |  1  2  3  4  5  6  7 |
---------------+----------------------+-----
Staves         | 3 4 5 |  5.7
Fighting       | 3 4 |  4.2
Invocations    | 2 3 |  3.2
Dodging        | 1 |  1.9
Armour         | 3 |  3.0
Maces & Flails | |  2.0
Stealth        | |  1.0
Evocations     | |  1.0

Action                   |  1- 3 |  4- 6 |  7- 9 || total
-------------------------+-------+-------+-------++-------
Melee: Quarterstaff      |    72 |   243 |    72 ||   387
  Use: Scroll            |       |     4 |       ||     4
       Potion            |       |     1 |     2 ||     3
 Stab: Sleeping          |     1 |     1 |       ||     2
Armor: Robe              |    15 |       |       ||    15
       Ring mail         |     1 |   108 |       ||   109
       Scale mail        |       |    15 |    17 ||    32
Dodge: Dodged            |    52 |   151 |    28 ||   231
Block: Other             |       |    51 |    15 ||    66
       Reflection        |       |     1 |       ||     1

Table legend: (Time is in decaauts)
 A = Elapsed time spent in this place.
 B = Non-inter-level travel time spent in this place.
 C = Inter-level travel time spent in this place.
 D = Time resting spent in this place.
 E = Time spent auto-exploring this place.
 F = Levels seen in this place.
 G = Mean time per level.
                   A        B        C        D        E       F      G
               +--------+--------+--------+--------+--------+-----+--------+
         Total |   5943 |   5709 |    234 |   2567 |   1988 |   5 | 1188.6 |
       Dungeon |   5943 |   5709 |    234 |   2567 |   1988 |   5 | 1188.6 |
               +--------+--------+--------+--------+--------+-----+--------+

Top non-repeatable levels by time:
     D:2: 1780 daAuts
     D:4: 1597 daAuts
     D:1: 1356 daAuts
     D:3: 627 daAuts
     D:5: 582 daAuts
